 Dungeon Crawl Stone Soup version 0.29.1-1-gd02db6906a (webtiles) character file.

Game seed: 15910214062121385133

102 themarg the Insei (level 4, -1/34 HPs)
             Began as a Gnoll Transmuter on Sept 20, 2022.
             Succumbed to a kobold's poison
             ... on level 3 of the Dungeon.
             The game lasted 00:10:37 (2529 turns).

themarg the Insei (Gnoll Transmuter)                Turns: 2529, Time: 00:10:37

Health: -1/34      AC:  2    Str:  9    XL:     4   Next: 77%
Magic:  8/11       EV: 22    Int: 15    God:
Gold:   116        SH:  0    Dex: 17    Spells: 7/13 levels left

rFire   . . .      SeeInvis .     - Unarmed
rCold   . . .      Faith    .   (shield currently unavailable)
rNeg    . . .      Spirit   .   (body armour currently unavailable)
rPois   x          Reflect  .   (helmet currently unavailable)
rElec   .          Harm     .   (cloak currently unavailable)
rCorr   .          Rampage  .   (gloves currently unavailable)
Will    .....                   (boots currently unavailable)
Stlth   ++........              (no amulet)
HPRegen 0.11/turn               (no ring)
MPRegen 0.12/turn               (no ring)

@: lethally poisoned (-1 -> -10), spider-form
A: venomous fangs, tiny, (fangs 1), strong nose, distributed training
a: End Transformation


You were on level 3 of the Dungeon.
You were a venomous arachnid creature.
You visited 1 branch of the dungeon, and saw 3 of its levels.

You collected 116 gold pieces.

Inventory:

Hand Weapons
 d - a +0 dagger (melded)
Armour
 a - a +0 robe
 q - a +1 robe of fire resistance (melded)
Scrolls
 c - a scroll of noise {unknown}
 e - 2 scrolls of fog {unknown}
 f - 2 scrolls of immolation {unknown}
 g - a scroll of enchant weapon {unknown}
 h - a scroll of blinking {unknown}
 j - a scroll of fear {unknown}
 k - a scroll of identify {unknown}
 m - 3 scrolls of teleportation {unknown}
 n - a scroll of poison {unknown}
 p - a scroll of vulnerability {unknown}
Potions
 b - a potion of lignification
 i - a potion of curing {unknown}
 l - 2 potions of resistance {unknown}
 o - a potion of might {unknown}


   Skills:
 + Level 2.8 Fighting
 + Level 1.3 Short Blades
 + Level 1.3 Long Blades
 + Level 1.3 Axes
 + Level 1.3 Maces & Flails
 + Level 1.3 Polearms
 + Level 1.3 Staves
 + Level 1.3 Ranged Weapons
 + Level 1.3 Throwing
 + Level 1.3 Armour
 + Level 4.7 Dodging
 + Level 1.3 Stealth
 + Level 1.3 Shields
 + Level 6.6 Unarmed Combat
 + Level 5.1 Spellcasting
 + Level 1.0 Conjurations
 + Level 1.0 Hexes
 + Level 1.0 Summonings
 + Level 1.0 Necromancy
 + Level 1.0 Translocations
 + Level 3.9 Transmutations
 + Level 1.0 Fire Magic
 + Level 1.0 Ice Magic
 + Level 1.0 Air Magic
 + Level 1.0 Earth Magic
 + Level 1.0 Poison Magic
 + Level 1.4 Invocations
 + Level 1.3 Evocations


You had 7 spell levels left.
You knew the following spells:

 Your Spells              Type           Power      Damage    Failure   Level
a - Beastly Appendage     Tmut           30%        N/A       11%         1
b - Wereblood             Tmut           15%        N/A       14%         2
c - Spider Form           Tmut/Pois      11%        N/A       36%         3

Your spell library contained the following spells:

 Spells                   Type           Power      Damage    Failure   Level
 Slow                     Hex            28%        N/A       26%         1
 Summon Small Mammal      Summ           28%        N/A       26%         1
 Call Canine Familiar     Summ           7%         N/A       52%         3
 Confusing Touch          Hex            7%         N/A       52%         3
 Summon Guardian Golem    Hex/Summ       7%         N/A       52%         3
 Tukima's Dance           Hex            7%         N/A       52%         3
 Vampiric Draining        Necr           7%         2d6       52%         3
 Ice Form                 Ice/Tmut       11%        N/A       71%         4
 Blade Hands              Tmut           7%         N/A       83%         5
 Passage of Golubria      Tloc           7%         N/A       87%         4
 Irradiate                Conj/Tmut      5%         3d13      95%         5
 Yara's Violent Unravell  Hex/Tmut       5%         3d4       95%         5
 Dragon Form              Tmut           7%         N/A       100%        7
 Orb of Destruction       Conj           3%         9d5       100%        7
 Spellforged Servitor     Conj/Summ      3%         N/A       100%        7


Dungeon Overview and Level Annotations

Branches:
Dungeon (3/15)

Altars:


Innate Abilities, Weirdness & Mutations

You are a venomous arachnid creature.
You have poisonous fangs.
You are tiny and dextrous.
Your spellcasting is less reliable in this form.
Your armour is entirely melded.
You are incapable of wielding weapons or throwing items.
((You have very sharp teeth.))
Your uncanny sense of smell can sniff out nearby items.
Your experience applies equally to all skills.


Message History

The goblin hits you with a +0 dagger.
You hit the goblin.
You kill the goblin!
The kobold completely misses you.
The kobold hits you with a +1 trident of venom.
You are poisoned.
You see here a +0 dagger.
You closely miss the kobold. Your bite misses the kobold.
You feel sick. The kobold hits you but does no damage.
You are more poisoned.
You barely miss the kobold.
You feel very sick. The kobold barely misses you.
You barely miss the kobold.
You feel sick.
The kobold hits you with a +1 trident of venom!
You are lethally poisoned!
Casting: Beastly Appendage (safe; 3% risk of failure)
Confirm with . or Enter, or press ? or * to list all spells.
The spell is quite dangerous to miscast (17% risk of failure)!
Continue anyway?
Your horns disappear.
Your talons disappear.
You turn into a venomous arachnid creature.
Your +0 dagger melds into your body.
Your +1 robe of fire resistance melds into your body.
You feel less resistant to fire.
* * * LOW HITPOINT WARNING * * *
You feel very sick. The kobold closely misses you.
You hit the kobold but do no damage.
* * * LOW HITPOINT WARNING * * *
You feel very sick.
You hit the kobold but do no damage.
The kobold is poisoned.
* * * LOW HITPOINT WARNING * * *
You feel very sick. The kobold completely misses you.
You hit the kobold but do no damage.
* * * LOW HITPOINT WARNING * * *
You feel sick. The kobold misses you.
You hit the kobold but do no damage.
The kobold is heavily wounded.
You die...

#...# .. ......## .#
....# ... #..... ..#
....# ...##...##.K###
....# #.............
###.# #######
#.......# ###.# ∆
.....# #..##.#.#
....# ...# #..# #
###.#########.###K.#
................s.##
#####.#######.#####
......# ####.#######
#####.# #...........
# #.# ####.......#
#####.#######.#####.#
.....................
#####.#######.#####.#
#.# #.#


You could see a kobold (very poisoned).

Vanquished Creatures
  Terence (D:3)
  Robin (D:2)
  An adder (D:2)
  A dart slug (D:1)
  5 bats
  3 endoplasms
  3 giant cockroaches (D:1)
  12 goblins
  4 hobgoblins
  6 jackals (D:1)
  2 kobolds (D:1)
  2 quokkas (D:1)
  3 ball pythons
  2 frilled lizards
  2 rats
48 creatures vanquished.

Notes
Turn   | Place    | Note
-------+----------+-------------------------------------------
     0 | D:1      | themarg the Gnoll Transmuter began the quest for the Orb.
     0 | D:1      | Reached XP level 1. HP: 17/17 MP: 6/6
   153 | D:1      | Reached XP level 2. HP: 23/23 MP: 5/7
   173 | D:1      | Learned a level 2 spell: Wereblood
   687 | D:1      | Reached skill level 5 in Spellcasting
   687 | D:1      | Reached XP level 3. HP: 28/28 MP: 6/9
   968 | D:1      | Found a faded altar of an unknown god.
  1378 | D:2      | Reached skill level 1 in Invocations
  1810 | D:2      | Reached skill level 1 in Short Blades
  1810 | D:2      | Reached skill level 1 in Long Blades
  1810 | D:2      | Reached skill level 1 in Axes
  1810 | D:2      | Reached skill level 1 in Maces & Flails
  1810 | D:2      | Reached skill level 1 in Polearms
  1810 | D:2      | Reached skill level 1 in Staves
  1810 | D:2      | Reached skill level 1 in Ranged Weapons
  1810 | D:2      | Reached skill level 1 in Throwing
  1810 | D:2      | Reached skill level 1 in Armour
  1810 | D:2      | Reached skill level 1 in Stealth
  1810 | D:2      | Reached skill level 1 in Shields
  1810 | D:2      | Reached skill level 1 in Evocations
  1981 | D:2      | Learned a level 3 spell: Spider Form
  2004 | D:2      | Noticed Robin
  2020 | D:2      | Killed Robin
  2021 | D:2      | Reached XP level 4. HP: 33/34 MP: 4/11
  2452 | D:3      | Noticed Terence
  2460 | D:3      | Killed Terence
  2461 | D:3      | Reached skill level 1 in Conjurations
  2461 | D:3      | Reached skill level 1 in Hexes
  2461 | D:3      | Reached skill level 1 in Summonings
  2461 | D:3      | Reached skill level 1 in Necromancy
  2461 | D:3      | Reached skill level 1 in Translocations
  2461 | D:3      | Reached skill level 1 in Fire Magic
  2461 | D:3      | Reached skill level 1 in Ice Magic
  2461 | D:3      | Reached skill level 1 in Air Magic
  2461 | D:3      | Reached skill level 1 in Earth Magic
  2461 | D:3      | Reached skill level 1 in Poison Magic
  2528 | D:3      | HP: 1/34 [poisoned by a kobold]
  2529 | D:3      | Succumbed to a kobold's poison

Illustrated notes

Levels and vault maps discovered:
D:1:      dpeg_arrival_round_c, layout_basic,
          ebering_ecumenical_altar_sacrificial
D:2:      layout_basic, roderic_filled_cross, minivault_23, uniq_robin
D:3:      layout_basic, grunt_ministairs_13, nicolae_elevator_lobby_plus,
          uniq_terence

Skill      XL: |  1  2  3  4 |
---------------+-------------+-----
Spellcasting   | 5 |  5.1
Invocations    | 1 |  1.4
Short Blades   | 1 |  1.3
Long Blades    | 1 |  1.3
Axes           | 1 |  1.3
Maces & Flails | 1 |  1.3
Polearms       | 1 |  1.3
Staves         | 1 |  1.3
Ranged Weapons | 1 |  1.3
Throwing       | 1 |  1.3
Armour         | 1 |  1.3
Stealth        | 1 |  1.3
Shields        | 1 |  1.3
Evocations     | 1 |  1.3
Conjurations   | 1 |  1.0
Hexes          | 1 |  1.0
Summonings     | 1 |  1.0
Necromancy     | 1 |  1.0
Translocations | 1 |  1.0
Fire Magic     | 1 |  1.0
Ice Magic      | 1 |  1.0
Air Magic      | 1 |  1.0
Earth Magic    | 1 |  1.0
Poison Magic   | 1 |  1.0
Fighting       | |  2.8
Dodging        | |  4.7
Unarmed Combat | |  6.6
Transmutations | |  3.9

Action                   |  1- 3 |  4- 6 || total
-------------------------+-------+-------++-------
Melee: Unarmed           |    18 |    17 ||    35
       Dagger            |   106 |    10 ||   116
       Kick              |    20 |     1 ||    21
       Bite              |     9 |       ||     9
       Headbutt          |     6 |       ||     6
       Punch             |     2 |       ||     2
 Cast: Beastly Appendage |    25 |     4 ||    29
       Wereblood         |     2 |       ||     2
       Spider Form       |     1 |     2 ||     3
 Stab: Sleeping          |     1 |     1 ||     2
Armor: Robe              |    23 |     1 ||    24
       Skin              |     2 |       ||     2
Dodge: Dodged            |   105 |    18 ||   123
